 Dungeon Crawl Stone Soup version 0.21-a0-508-gf08a75f (webtiles) character file.

756 Laird the Fighter (level 7, 0/81 HPs)
             Began as an Ogre Berserker on Nov 28, 2017.
             Was a Priest of Trog.
             Slain by Blork the orc
             ... wielding a +2 trident of protection
              (8 damage)
             ... while paralysed
             ... on level 5 of the Dungeon.
             The game lasted 00:06:00 (4789 turns).

Laird the Fighter (Ogre Berserker)                  Turns: 4789, Time: 00:06:01

Health: 0/81       AC:  3    Str: 24    XL:     7   Next: 79%
Magic:  7/7        EV:  1    Int:  8    God:    Trog [***...]
Gold:   188        SH:  0    Dex:  8    Spells: 6/6 levels left

rFire    . . .     SeeInvis .   a - +0 mace
rCold    . . .     Gourm    .   (no shield)
rNeg     . . .     Faith    .   b - +0 animal skin
rPois    .         Spirit   .   (helmet restricted)
rElec    .         Reflect  .   (no cloak)
rCorr    .         Harm     .   (gloves unavailable)
MR       ++...                  (boots unavailable)
Stlth    ++........             (no amulet)
HPRegen  1.23/turn              q - +1 ring of evasion
MPRegen  0.10/turn              u - ring of stealth (curse)

@: paralysed, lethally poisoned (0 -> 0), berserk cooldown, regenerating, slowed
A: large, unfitting armour, tough skin 1
a: Berserk, Trog's Hand, Burn Spellbooks, Renounce Religion


You were on level 5 of the Dungeon.
You worshipped Trog.
Trog was most pleased with you.
You were very hungry.

You visited 1 branch of the dungeon, and saw 5 of its levels.

You collected 188 gold pieces.

Inventory:

Hand Weapons
 a - a +0 mace (weapon)
 x - a +0 giant spiked club
Missiles
 f - 40 sling bullets
Armour
 b - a +0 animal skin (worn)
Jewellery
 q - a +1 ring of evasion (left hand)
 t - an uncursed ring of teleportation
 u - a cursed ring of stealth (right hand)
Wands
 p - a wand of digging (6)
 y - a wand of random effects (19)
Scrolls
 e - 3 scrolls of immolation {unknown}
 j - 6 scrolls of identify
 r - a scroll of noise {unknown}
 v - a scroll of teleportation
 w - a scroll of fear
Potions
 d - a potion of mutation
 g - 2 potions of agility
 n - a potion of lignification {unknown}
 o - a potion of degeneration {unknown}
 s - a potion of curing {unknown}
Comestibles
 c - 3 bread rations
 h - 2 chunks of flesh
 i - 3 meat rations
 k - 5 royal jellies
 m - 6 fruits


   Skills:
 + Level 8.7 Fighting
 + Level 6.0 Maces & Flails
 - Level 2.6 Dodging


You had 6 spell levels left.
You didn't know any spells.

Dungeon Overview and Level Annotations

Branches:
Dungeon (5/15)
 Temple: D:4-7

Altars:
Cheibriados
Dithmenos
Hepliaklqana
Ru
Uskayaw
Yredelemnul
Zin
The Shining One

Annotations:
D:4 Dowan, Duvessa
D:5 Blork the orc


Innate Abilities, Weirdness & Mutations

You are too large for most types of armour.
You have tough skin. (AC +1)


Message History

Trog accepts your kill.
You feel the effects of Trog's Hand fading.
The hound bites you.
* * * LOW HITPOINT WARNING * * *
You thump the orc!
You kill the orc!
Trog accepts your kill.
You are no longer berserk.
You pass out from exhaustion.
You feel yourself slow down.
You feel sick. The hound bites you.
* * * LOW HITPOINT WARNING * * *
The hound bites you.
* * * LOW HITPOINT WARNING * * *
Something hits you.
* * * LOW HITPOINT WARNING * * *
The hound bites you.
* * * LOW HITPOINT WARNING * * *
The jackal zombie bites you but does no damage.
The hound bites you but does no damage. Something hits you!
You die...

#.. .#
#..####.#
.....#.#
..#.$.###
.......###
#.{.......
#Zh....#
#.@)...#
#.!....#
#.........
#.........
#.........
#../...#..
#......# .
#.......


You could see a hound and a jackal zombie.

Vanquished Creatures
  Sigmund (D:3)
  Menkaure (D:4)
  An ogre (D:4)
  A bullfrog (D:3)
  An orc priest (D:5)
  Terence (D:2)
  Natasha (thrice) (D:2)
  A worker ant (D:5)
  9 adders
  5 worms
  2 dart slugs
  2 leopard geckos
  10 orcs
  2 giant cockroaches
  8 goblins
  3 hobgoblins
  2 jackals (D:3)
  2 quokkas (D:2)
  A ball python (D:3)
  A ball python skeleton (D:2)
  12 bats
  3 frilled lizards
  13 kobolds
  5 rats
  2 toadstools (D:1)
92 creatures vanquished.

Vanquished Creatures (others)
  2 toadstools (D:1)
2 creatures vanquished.

Grand Total: 94 creatures vanquished

Notes
Turn   | Place    | Note
-------+----------+-------------------------------------------
     0 | D:1      | Laird the Ogre Berserker began the quest for the Orb.
     0 | D:1      | Reached XP level 1. HP: 24/24 MP: 1/1
   250 | D:1      | Reached XP level 2. HP: 30/33 MP: 2/2
   684 | D:2      | Noticed Terence
   878 | D:2      | Found a hide-covered altar of Uskayaw.
   986 | D:2      | Reached XP level 3. HP: 41/41 MP: 3/3
  1228 | D:2      | Found a glowing silver altar of Zin.
  1229 | D:2      | Found a shadowy altar of Dithmenos.
  1358 | D:2      | Killed Terence
  1358 | D:2      | Reached skill level 5 in Fighting
  1358 | D:2      | Reached XP level 4. HP: 45/50 MP: 4/4
  2074 | D:2      | Noticed Natasha
  2083 | D:2      | Killed Natasha
  2083 | D:2      | Reached XP level 5. HP: 59/59 MP: 5/5
  2188 | D:2      | Found a glowing golden altar of the Shining One.
  2200 | D:2      | Reached skill level 6 in Fighting
  2527 | D:2      | Noticed Natasha
  2539 | D:2      | Killed Natasha
  2753 | D:2      | Noticed Natasha
  2757 | D:2      | Killed Natasha
  2757 | D:2      | Reached ** piety under Trog
  2868 | D:3      | Reached XP level 6. HP: 53/68 MP: 6/6
  3341 | D:3      | Noticed Sigmund
  3352 | D:3      | Killed Sigmund
  3352 | D:3      | Reached skill level 7 in Fighting
  3352 | D:3      | Reached skill level 5 in Maces & Flails
  3413 | D:3      | Reached XP level 7. HP: 77/78 MP: 7/7
  3863 | D:3      | Found a basalt altar of Yredelemnul.
  3956 | D:3      | Found a snail-covered altar of Cheibriados.
  4124 | D:3      | Found a hazy altar of Hepliaklqana.
  4216 | D:4      | Found a sacrificial altar of Ru.
  4263 | D:4      | Found a glowing golden altar of the Shining One.
  4306 | D:4      | Noticed Menkaure
  4313 | D:4      | Killed Menkaure
  4313 | D:4      | Reached skill level 8 in Fighting
  4759 | D:4      | Noticed Dowan
  4760 | D:4      | Noticed Duvessa
  4769 | D:5      | Entered Level 5 of the Dungeon
  4777 | D:5      | Noticed Blork the orc
  4784 | D:5      | Reached *** piety under Trog
  4789 | D:5      | Slain by Blork the orc

Vault maps used:
D:1:      ldierk_water_garden
D:2:      kennysheep_six_static_rooms, nicolae_overflow_crystal_walls,
          eat_drink_and_be_merry_uskayaw,
          chequers_temple_overflow_statue_of_worship, serial_bayou_pond_c,
          minivault_25, st_stairs_10, uniq_terence, uniq_natasha
D:3:      lemuel_doored_altar, marbit_many_paths, kennysheep_slug_shrine,
          first_bread, uniq_sigmund
D:4:      minmay_goblin_kobold_castle, fedhas_altar_fruit_tree,
          hangedman_ru_absence, tso_altar, uniq_ijyb, uniq_menkaure,
          uniq_duvessa
D:5:      minmay_temple_entry_grid, portal_sewer_entry_e, uniq_blork_the_orc,
          uniq_prince_ribbit1

Skill      XL: |  1  2  3  4  5  6  7 |
---------------+----------------------+-----
Maces & Flails | 3 4 5 6 |  6.0
Fighting       | 5 6 7 8 |  8.7
Dodging        | |  2.6

Action                   |  1- 3 |  4- 6 |  7- 9 || total
-------------------------+-------+-------+-------++-------
Melee: Mace              |    83 |   144 |   112 ||   339
Invok: Berserk           |     2 |     2 |     3 ||     7
       Trog's Hand       |       |       |     2 ||     2
       Burn Spellbooks   |       |       |     1 ||     1
  Use: Scroll            |       |     5 |       ||     5
       Potion            |       |     1 |     1 ||     2
 Stab: Sleeping          |       |     1 |     1 ||     2
  Eat: Chunk             |     1 |    11 |     7 ||    19
Armor: Animal skin       |    34 |    34 |    31 ||    99
Dodge: Dodged            |    65 |    96 |    74 ||   235

Table legend:
 A = Spawn XP
 B = Non-spawn XP
 C = Spawn XP percentage of total XP
 D = Spawn monster count
 E = Non-spawn monster count
 F = Spawn count percentage of total count
 G = Total turns spent on level
                    A         B        C        D         E        F      G
               +---------+---------+-------+---------+---------+-------+---------
         Total |       0 |    1081 |   0.0 |       0 |      90 |   0.0 |  4789
               +---------+---------+-------+---------+---------+-------+---------
           D:1 |       0 |      27 |   0.0 |       0 |      10 |   0.0 |   834
           D:2 |       0 |     231 |   0.0 |       0 |      30 |   0.0 |  1991
           D:3 |       0 |     414 |   0.0 |       0 |      31 |   0.0 |  1356
           D:4 |       0 |     323 |   0.0 |       0 |      13 |   0.0 |   588
           D:5 |       0 |      86 |   0.0 |       0 |       6 |   0.0 |    20
               +---------+---------+-------+---------+---------+-------+---------
